 Dungeon Crawl Stone Soup version 0.19-a0-1291-gc8f5409 (webtiles) character file.

82 PurpleRed the Conjurer (level 4, -3/24 HPs)
             Began as a Deep Elf Conjurer on Aug 30, 2016.
             Slain by a human zombie (5 damage)
             ... on level 4 of the Dungeon.
             The game lasted 00:06:08 (761 turns).

PurpleRed the Conjurer (Deep Elf Conjurer)           Turns: 761, Time: 00:06:08

Health: -3/24      AC:  3    Str:  5    XL:     4   Next: 21%
Magic:  4/12       EV: 13    Int: 21    God:
Gold:   77         SH:  0    Dex: 15    Spells: 2 memorised, 9 levels left

rFire  . . .     SeeInvis .     t - +0 long sword
rCold  . . .     Gourm    .     a - +0 robe
rNeg   . . .     Faith    .     (no shield)
rPois  .         Spirit   .     (no helmet)
rElec  .         Dismiss  .     l - +0 cloak
rCorr  .         Reflect  .     (no gloves)
MR     .....     Harm     .     (no boots)
Stlth  ++........               (no amulet)
                                (no ring)
                                (no ring)

@: no status effects
A: no striking features
a: no special abilities


You were on level 4 of the Dungeon.
You were not hungry.

You visited 1 branch of the dungeon, and saw 4 of its levels.

You collected 77 gold pieces.

Inventory:

Hand Weapons
 e - a +0 short sword
 t - a +0 long sword (weapon)
Missiles
 d - 7 tomahawks (quivered)
Armour
 a - a +0 robe (worn)
 l - a +0 cloak (worn)
Wands
 p - a wand of lightning (11/15)
Scrolls
 g - a scroll of magic mapping {unknown}
 i - a scroll of teleportation {unknown}
 j - 2 scrolls of identify {unknown}
 n - a scroll of blinking {unknown}
 o - a scroll of random uselessness {unknown}
Potions
 h - a potion of cancellation
 k - a potion of cure mutation
 m - a potion of beneficial mutation {unknown}
 q - a potion of lignification {unknown}
 r - a potion of flight {unknown}
 s - a potion of agility {unknown}
Books
 b - a book of Conjurations

   Spells                             Type                      Level
   a - Magic Dart                     Conjuration                  1
   b - Searing Ray                    Conjuration                  2
   c - Dazzling Spray                 Conjuration/Hexes            3
   d - Fulminant Prism                Conjuration/Hexes            4
   e - Iskenderun's Mystic Blast      Conjuration                  4
   f - Iskenderun's Battlesphere      Conjuration/Charms           5
Comestibles
 c - a bread ration
 f - 2 meat rations


   Skills:
 - Level 2.4 Dodging
 - Level 2.4 Stealth
 + Level 4.6 Spellcasting
 + Level 5.5 Conjurations


You had 9 spell levels left.
You knew the following spells:

 Your Spells              Type           Power        Failure   Level  Hunger
a - Magic Dart            Conj           ####         1%          1    None
b - Searing Ray           Conj           ####..       1%          2    #......


Dungeon Overview and Level Annotations

Branches:
Dungeon (4/15)
 Temple: D:4-7

Altars:
Fedhas


Message History

Press: ? - help, Shift-Dir - straight line, f - human zombie
Aim: a human zombie (lightly damaged)
The searing ray misses the human zombie.
The human zombie hits you.
* * * LOW HITPOINT WARNING * * *
Found 19 stones.
Found a stone staircase leading up.
Casting: Searing Ray
Confirm with . or Enter, or press ? or * to list all spells.
Aiming: Searing Ray
Press: ? - help, Shift-Dir - straight line, f/p - human zombie
Aim: a human zombie (lightly damaged)
The searing ray hits the human zombie.
The human zombie is moderately damaged.
The searing ray hits the human zombie.
The human zombie is moderately damaged.
The searing ray hits the human zombie.
The human zombie is heavily damaged.
The human zombie hits you.
You die...

#.#
####'#######
#..........#
#..........#
#..........#
#..........#
#<.........#
#.####Z##..#
#.# #@# ..#
.....<...#
.#
a........+
..>......#
..####(..##
#. #+###


You could see a worker ant (sleeping) and a human zombie.

Vanquished Creatures
  A centaur skeleton (D:3)
  2 adders (D:3)
  A worm (D:2)
  An orc (D:3)
  A giant cockroach (D:3)
  5 goblins
  3 hobgoblins
  A quokka (D:3)
  6 bats
  3 giant newts
  5 kobolds
  3 rats
32 creatures vanquished.

Notes
Turn   | Place    | Note
-------+----------+-------------------------------------------
     0 | D:1      | PurpleRed the Deep Elf Conjurer began the quest for the Orb.
     0 | D:1      | Reached XP level 1. HP: 10/10 MP: 6/6
   289 | D:2      | Reached XP level 2. HP: 14/15 MP: 4/8
   293 | D:2      | Learned a level 2 spell: Searing Ray
   295 | D:2      | Found a faded altar of an unknown god.
   534 | D:3      | Reached skill level 5 in Conjurations
   534 | D:3      | Reached XP level 3. HP: 8/19 MP: 1/10
   628 | D:3      | Reached XP level 4. HP: 6/24 MP: 0/12
   644 | D:3      | Found a blossoming altar of Fedhas.
   761 | D:4      | Slain by a human zombie

Vault maps used:
D:1:      dpeg_arrival_long_road
D:2:      ecumenical_altar_1
D:3:      fedhas_altar_2
D:4:      nicolae_ossuary_entry_catacombs, minivault_23

Skill      XL: |  1  2 |
---------------+-------+-----
Spellcasting   | 4 |  4.6
Conjurations   | 5 |  5.5
Dodging        | |  2.4
Stealth        | |  2.4

Action                   |  1- 3 |  4- 6 || total
-------------------------+-------+-------++-------
Melee: Short sword       |    15 |     3 ||    18
       Long sword        |       |     6 ||     6
 Cast: Magic Dart        |    33 |     5 ||    38
       Searing Ray       |     5 |     3 ||     8
  Use: Potion            |     3 |       ||     3
 Stab: Sleeping          |     1 |       ||     1
Armor: Robe              |     9 |     3 ||    12
Dodge: Dodged            |    44 |     9 ||    53
